[ PARTIDA AOE2 · #464585401 ]
UnrankedWei vs Burgundians
[ ANÁLISIS DE REPETICIÓN · EXTRAÍDO DE LA PARTIDA GRABADA ]
Feudal
10:56
Castillos
15:31
Imperial
35:23
| APM promedio | 27.7 |
| APM pico | 57 |
| eAPM promedio | 23.7 |
| Aldeanos / militares | 209 / 363 |
Foco
⚔️ 55.6% · 🌾 44.4%
Scout Cavalry ×294 · Unknown (1952) ×79 · Unknown (1944) ×63 · Battering Ram ×62 · Unknown (1949) ×48 · Trade Cart ×11
Feudal
11:02
Castillos
18:38
Imperial
29:19
| APM promedio | 19.1 |
| APM pico | 44 |
| eAPM promedio | 14.3 |
| Aldeanos / militares | 168 / 315 |
Foco
⚔️ 29.5% · 🌾 70.5%
Scout Cavalry ×237 · Ballista Elephant ×70 · Trade Cart ×60 · Battle Elephant ×5 · Monk ×3
Feudal
9:49
Castillos
14:06
Imperial
36:14
| APM promedio | 33.7 |
| APM pico | 79 |
| eAPM promedio | 19.2 |
| Aldeanos / militares | 187 / 274 |
Foco
⚔️ 35.1% · 🌾 64.9%
Scorpion ×78 · Spearman ×66 · Battering Ram ×61 · Trade Cart ×60 · Chu Ko Nu ×54 · Trebuchet (Packed) ×10
Feudal
8:26
Castillos
21:00
Imperial
36:12
| APM promedio | 38.1 |
| APM pico | 92 |
| eAPM promedio | 26.5 |
| Aldeanos / militares | 247 / 523 |
Foco
⚔️ 40.1% · 🌾 59.9%
Knight ×403 · Trade Cart ×89 · Hand Cannoneer ×77 · Bombard Cannon ×28 · Trebuchet (Packed) ×12 · Mangonel ×3
Feudal
—
Castillos
—
Imperial
—
| APM promedio | 2017.9 |
| APM pico | 15074 |
| eAPM promedio | 2017.1 |
| Aldeanos / militares | 0 / 107 |
Foco
⚔️ 81.5% · 🌾 18.5%
Spearman ×35 · Knight ×19 · Skirmisher ×15 · Battering Ram ×11 · Archer ×10 · Scout Cavalry ×8
Feudal
—
Castillos
—
Imperial
—
| APM promedio | 2115.9 |
| APM pico | 23242 |
| eAPM promedio | 2112.3 |
| Aldeanos / militares | 0 / 933 |
Foco
⚔️ 73.7% · 🌾 26.3%
Gbeto ×289 · Spearman ×282 · Scout Cavalry ×111 · Battering Ram ×61 · Bombard Cannon ×60 · Militia ×56
Feudal
—
Castillos
—
Imperial
—
| APM promedio | 2298.1 |
| APM pico | 23145 |
| eAPM promedio | 2296.7 |
| Aldeanos / militares | 0 / 1277 |
Foco
⚔️ 70.8% · 🌾 29.2%
Spearman ×503 · Woad Raider ×418 · Scout Cavalry ×184 · Skirmisher ×71 · Scorpion ×50 · Battering Ram ×38
Feudal
—
Castillos
—
Imperial
—
| APM promedio | 1060.6 |
| APM pico | 3993 |
| eAPM promedio | 1060.5 |
| Aldeanos / militares | 0 / 2 |
Foco
⚔️ 48.9% · 🌾 51.1%
Spearman ×2
Mapa de la partida
Recursos iniciales + cada clic de construcción. Líneas = muros · curvas = relieve. ◆ oro · ⬟ piedra · ● bayas · ✦ reliquia · ◌ hueco del cierre
Inputs por minuto
— 蘑菇牛奶锅 - - 不过是取悦我的手段罢了
Build order — 蘑菇牛奶锅
Primeras 150 de 1073 acciones detectadas
| 0:00 | Crear | Villager (Male) |
| 0:01 | Crear | Villager (Male) |
| 0:01 | Crear | Villager (Male) |
| 0:01 | Crear | Villager (Male) |
| 0:02 | Crear | Villager (Male) |
| 0:04 | Construir | House |
| 0:07 | Construir | House |
| 1:27 | Crear | Villager (Male) |
| 1:55 | Crear | Villager (Male) |
| 2:21 | Crear | Villager (Male) |
| 2:42 | Construir | Lumber Camp |
| 2:46 | Crear | Villager (Male) |
| 2:47 | Crear | Villager (Male) |
| 3:27 | Crear | Villager (Male) |
| 3:42 | Crear | Villager (Male) |
| 3:43 | Crear | Villager (Male) |
| 3:51 | Construir | House |
| 4:32 | Crear | Villager (Male) |
| 4:45 | Crear | Villager (Male) |
| 5:16 | Crear | Villager (Male) |
| 5:35 | Crear | Villager (Male) |
| 5:41 | Crear | Villager (Male) |
| 5:51 | Construir | House |
| 5:52 | Crear | Villager (Male) |
| 6:02 | Crear | Villager (Male) |
| 6:02 | Crear | Villager (Male) |
| 6:24 | Crear | Villager (Male) |
| 6:48 | Crear | Villager (Male) |
| 6:56 | Crear | Villager (Male) |
| 7:21 | Construir | Mill |
| 7:22 | Crear | Villager (Male) |
| 8:28 | Construir | Mining Camp |
| 8:42 | Investigar | Feudal Age |
| 9:38 | Construir | House |
| 9:56 | Construir | Farm |
| 10:25 | Crear | Villager (Male) |
| 10:25 | Crear | Villager (Male) |
| 10:28 | Investigar | Loom |
| 10:56 | Edad | Edad Feudal |
| 11:05 | Construir | Blacksmith |
| 11:57 | Construir | Market |
| 12:26 | Crear | Villager (Male) |
| 12:29 | Investigar | Double-Bit Axe |
| 12:48 | Investigar | Castle Age |
| 13:31 | Construir | House |
| 13:37 | Crear | Villager (Male) |
| 13:37 | Crear | Villager (Male) |
| 13:44 | Investigar | Horse Collar |
| 14:22 | Construir | Farm |
| 14:24 | Construir | Farm |
| 14:26 | Construir | Farm |
| 14:33 | Construir | House |
| 14:36 | Construir | House |
| 14:46 | Construir | Farm |
| 14:53 | Construir | Farm |
| 15:13 | Construir | House |
| 15:31 | Edad | Edad de los Castillos |
| 15:37 | Construir | Monastery |
| 15:50 | Construir | Monastery |
| 15:57 | Construir | Town Center |
| 16:00 | Investigar | Bow Saw |
| 16:02 | Crear | Villager (Male) |
| 16:15 | Crear | Villager (Male) |
| 16:19 | Construir | House |
| 16:20 | Construir | House |
| 16:22 | Crear | Monk |
| 16:23 | Crear | Monk |
| 16:40 | Construir | Farm |
| 16:42 | Crear | Villager (Male) |
| 16:58 | Construir | Farm |
| 17:03 | Construir | Farm |
| 17:11 | Crear | Monk |
| 17:27 | Crear | Villager (Male) |
| 17:32 | Construir | House |
| 17:33 | Construir | House |
| 17:38 | Construir | Farm |
| 17:39 | Construir | Farm |
| 17:41 | Construir | Farm |
| 17:42 | Construir | Farm |
| 17:45 | Crear | Villager (Male) |
| 17:48 | Crear | Villager (Male) |
| 17:55 | Construir | Farm |
| 17:57 | Crear | Monk |
| 18:11 | Crear | Villager (Male) |
| 18:11 | Crear | Villager (Male) |
| 18:21 | Construir | Town Center |
| 18:37 | Crear | Villager (Male) |
| 18:37 | Crear | Villager (Male) |
| 18:46 | Construir | House |
| 18:47 | Construir | House |
| 18:51 | Construir | Farm |
| 18:54 | Construir | Farm |
| 19:03 | Construir | Town Center |
| 19:10 | Crear | Villager (Male) |
| 19:11 | Crear | Villager (Male) |
| 19:11 | Crear | Villager (Male) |
| 19:11 | Crear | Villager (Male) |
| 19:12 | Crear | Villager (Male) |
| 19:14 | Crear | Monk |
| 19:23 | Construir | Farm |
| 19:38 | Construir | Farm |
| 19:39 | Construir | Farm |
| 19:41 | Construir | Farm |
| 19:46 | Crear | Monk |
| 19:52 | Crear | Villager (Male) |
| 19:52 | Crear | Villager (Male) |
| 19:52 | Crear | Villager (Male) |
| 19:55 | Construir | Farm |
| 20:00 | Construir | Farm |
| 20:01 | Construir | Farm |
| 20:02 | Crear | Villager (Male) |
| 20:02 | Crear | Villager (Male) |
| 20:02 | Crear | Villager (Male) |
| 20:09 | Construir | Farm |
| 20:18 | Construir | House |
| 20:19 | Construir | House |
| 20:20 | Construir | House |
| 20:22 | Crear | Villager (Male) |
| 20:22 | Crear | Villager (Male) |
| 20:23 | Crear | Villager (Male) |
| 20:38 | Construir | Farm |
| 20:43 | Crear | Villager (Male) |
| 20:43 | Crear | Villager (Male) |
| 20:50 | Crear | Villager (Male) |
| 20:51 | Crear | Villager (Male) |
| 21:00 | Investigar | Heavy Plow |
| 21:03 | Construir | Farm |
| 21:04 | Crear | Villager (Male) |
| 21:04 | Crear | Villager (Male) |
| 21:16 | Crear | Villager (Male) |
| 21:16 | Crear | Villager (Male) |
| 21:23 | Crear | Monk |
| 21:24 | Crear | Villager (Male) |
| 21:24 | Crear | Villager (Male) |
| 21:25 | Crear | Villager (Male) |
| 21:36 | Crear | Villager (Male) |
| 21:37 | Crear | Villager (Male) |
| 21:37 | Crear | Villager (Male) |
| 21:41 | Construir | Farm |
| 21:47 | Construir | House |
| 21:50 | Construir | House |
| 21:51 | Crear | Villager (Male) |
| 21:52 | Crear | Villager (Male) |
| 22:08 | Construir | Farm |
| 22:15 | Construir | Farm |
| 22:17 | Crear | Villager (Male) |
| 22:17 | Crear | Villager (Male) |
| 22:17 | Crear | Villager (Male) |
| 22:22 | Investigar | Wheelbarrow |
| 22:31 | Crear | Villager (Male) |
Build order — 不过是取悦我的手段罢了
Primeras 150 de 459 acciones detectadas
| 0:01 | Crear | Villager (Male) |
| 0:01 | Crear | Villager (Male) |
| 0:02 | Crear | Villager (Male) |
| 0:03 | Construir | House |
| 0:04 | Crear | Villager (Male) |
| 0:05 | Construir | House |
| 1:25 | Crear | Villager (Male) |
| 1:55 | Crear | Villager (Male) |
| 2:25 | Crear | Villager (Male) |
| 2:51 | Crear | Villager (Male) |
| 3:10 | Crear | Villager (Male) |
| 3:23 | Construir | Mill |
| 3:46 | Crear | Villager (Male) |
| 4:02 | Crear | Villager (Male) |
| 4:12 | Construir | House |
| 4:41 | Crear | Villager (Male) |
| 4:46 | Crear | Villager (Male) |
| 5:04 | Construir | House |
| 5:10 | Crear | Villager (Male) |
| 5:43 | Construir | Lumber Camp |
| 5:46 | Crear | Villager (Male) |
| 5:48 | Crear | Villager (Male) |
| 6:05 | Crear | Villager (Male) |
| 6:06 | Crear | Villager (Male) |
| 7:26 | Crear | Villager (Male) |
| 8:01 | Crear | Villager (Male) |
| 8:06 | Crear | Villager (Male) |
| 8:42 | Construir | House |
| 8:42 | Construir | House |
| 8:44 | Construir | House |
| 8:52 | Investigar | Feudal Age |
| 9:22 | Crear | Villager (Male) |
| 9:37 | Construir | House |
| 10:17 | Crear | Villager (Male) |
| 10:17 | Crear | Villager (Male) |
| 10:18 | Crear | Villager (Male) |
| 10:19 | Crear | Villager (Male) |
| 10:42 | Construir | House |
| 10:43 | Construir | House |
| 10:44 | Construir | House |
| 10:45 | Construir | House |
| 11:02 | Edad | Edad Feudal |
| 11:36 | Construir | Farm |
| 12:39 | Construir | House |
| 12:40 | Construir | House |
| 12:41 | Construir | House |
| 12:42 | Construir | House |
| 12:43 | Construir | House |
| 12:44 | Construir | House |
| 12:54 | Construir | Farm |
| 13:10 | Construir | Farm |
| 13:10 | Construir | Farm |
| 13:18 | Construir | Farm |
| 13:19 | Construir | Farm |
| 13:20 | Construir | Farm |
| 13:22 | Construir | Farm |
| 13:23 | Construir | Farm |
| 13:28 | Crear | Villager (Male) |
| 13:33 | Crear | Villager (Male) |
| 13:38 | Construir | Farm |
| 13:39 | Construir | Farm |
| 13:40 | Construir | Farm |
| 13:57 | Construir | Mining Camp |
| 14:12 | Crear | Villager (Male) |
| 14:42 | Crear | Villager (Male) |
| 14:47 | Crear | Villager (Male) |
| 14:51 | Crear | Villager (Male) |
| 14:54 | Investigar | Gold Mining |
| 14:58 | Investigar | Double-Bit Axe |
| 15:04 | Construir | House |
| 15:10 | Construir | House |
| 15:12 | Construir | House |
| 15:38 | Investigar | Castle Age |
| 15:46 | Construir | House |
| 15:53 | Construir | Farm |
| 15:54 | Construir | Farm |
| 15:54 | Construir | Farm |
| 16:00 | Construir | Farm |
| 16:22 | Construir | Farm |
| 16:34 | Investigar | Horse Collar |
| 16:36 | Investigar | Stone Mining |
| 16:42 | Investigar | Loom |
| 17:06 | Construir | Blacksmith |
| 18:08 | Construir | Market |
| 18:23 | Crear | Villager (Male) ×5 |
| 18:28 | Investigar | Wheelbarrow |
| 18:38 | Edad | Edad de los Castillos |
| 18:41 | Construir | Town Center |
| 18:58 | Construir | Monastery |
| 19:08 | Crear | Villager (Male) ×5 |
| 19:10 | Crear | Villager (Male) ×5 |
| 19:10 | Crear | Villager (Male) ×4 |
| 19:18 | Construir | House |
| 19:19 | Construir | House |
| 19:19 | Construir | House |
| 19:20 | Construir | House |
| 19:34 | Crear | Villager (Male) ×5 |
| 19:34 | Crear | Villager (Male) |
| 19:40 | Crear | Monk |
| 19:41 | Crear | Monk |
| 20:04 | Investigar | Bow Saw |
| 20:30 | Construir | Farm |
| 20:37 | Construir | Farm |
| 20:51 | Investigar | Fervor |
| 21:09 | Construir | Town Center |
| 21:46 | Construir | Mining Camp |
| 22:05 | Construir | Farm |
| 22:09 | Crear | Villager (Male) ×5 |
| 22:12 | Crear | Villager (Male) ×5 |
| 22:15 | Crear | Villager (Male) ×5 |
| 22:21 | Construir | House |
| 22:22 | Construir | House |
| 22:23 | Construir | House |
| 22:23 | Construir | House |
| 22:34 | Investigar | Gold Shaft Mining |
| 22:45 | Construir | Farm |
| 22:46 | Construir | Farm |
| 23:00 | Crear | Monk |
| 23:20 | Construir | Farm |
| 23:23 | Construir | Farm |
| 23:30 | Crear | Villager (Male) ×5 |
| 23:38 | Investigar | Hand Cart |
| 23:55 | Construir | Farm |
| 23:56 | Construir | Farm |
| 24:03 | Construir | Farm |
| 24:11 | Construir | Farm |
| 24:48 | Crear | Villager (Male) |
| 24:48 | Crear | Villager (Male) |
| 24:54 | Construir | Farm |
| 24:57 | Construir | Farm |
| 25:07 | Construir | Farm |
| 25:17 | Construir | House |
| 25:22 | Construir | Farm |
| 25:24 | Crear | Villager (Male) |
| 25:25 | Crear | Villager (Male) |
| 25:25 | Crear | Villager (Male) |
| 25:25 | Crear | Villager (Male) |
| 25:36 | Construir | Barracks |
| 25:51 | Construir | Farm |
| 25:56 | Construir | Farm |
| 26:04 | Investigar | Imperial Age |
| 26:10 | Investigar | Hand Cart |
| 26:20 | Investigar | Stone Shaft Mining |
| 26:59 | Construir | Farm |
| 27:07 | Construir | Farm |
| 27:14 | Construir | Farm |
| 27:24 | Construir | Farm |
| 27:30 | Construir | Farm |
| 27:33 | Crear | Villager (Male) ×5 |
| 27:33 | Crear | Villager (Male) ×5 |
Build order — 梳中分打篮球
Primeras 150 de 502 acciones detectadas
| 0:02 | Investigar | Loom |
| 0:59 | Crear | Villager (Male) |
| 1:19 | Crear | Villager (Male) |
| 1:41 | Crear | Villager (Male) |
| 1:55 | Construir | Lumber Camp |
| 2:06 | Crear | Villager (Male) |
| 2:32 | Crear | Villager (Male) |
| 3:02 | Crear | Villager (Male) |
| 3:02 | Crear | Villager (Male) |
| 3:32 | Construir | House |
| 3:33 | Construir | House |
| 3:47 | Crear | Villager (Male) |
| 4:18 | Crear | Villager (Male) |
| 4:18 | Crear | Villager (Male) |
| 4:24 | Construir | Mill |
| 4:39 | Crear | Villager (Male) |
| 5:02 | Crear | Villager (Male) |
| 5:02 | Crear | Villager (Male) |
| 5:16 | Crear | Villager (Male) |
| 5:34 | Crear | Villager (Male) |
| 6:04 | Crear | Villager (Male) |
| 6:04 | Crear | Villager (Male) |
| 6:31 | Construir | Mining Camp |
| 6:53 | Construir | House |
| 7:39 | Investigar | Feudal Age |
| 7:42 | Construir | Farm |
| 8:09 | Crear | Villager (Male) |
| 8:25 | Crear | Villager (Male) |
| 8:26 | Crear | Villager (Male) |
| 9:49 | Edad | Edad Feudal |
| 9:55 | Construir | Market |
| 10:03 | Construir | Blacksmith |
| 11:26 | Investigar | Castle Age |
| 11:35 | Construir | House |
| 11:51 | Construir | Mining Camp |
| 12:20 | Investigar | Stone Mining |
| 12:52 | Investigar | Double-Bit Axe |
| 12:58 | Investigar | Horse Collar |
| 13:02 | Crear | Villager (Male) |
| 14:06 | Edad | Edad de los Castillos |
| 14:20 | Crear | Villager (Male) |
| 14:39 | Construir | Stone Wall |
| 14:41 | Crear | Villager (Male) |
| 14:56 | Construir | Stone Wall |
| 15:04 | Crear | Villager (Male) |
| 15:21 | Crear | Villager (Male) |
| 15:46 | Crear | Villager (Male) |
| 16:08 | Crear | Villager (Male) |
| 16:18 | Construir | Castle |
| 16:26 | Crear | Villager (Male) |
| 16:41 | Construir | Stone Wall |
| 16:59 | Construir | Farm |
| 17:00 | Construir | Farm |
| 17:00 | Construir | Farm |
| 17:00 | Construir | Farm |
| 17:01 | Construir | Farm |
| 17:12 | Crear | Villager (Male) |
| 17:12 | Crear | Villager (Male) |
| 17:14 | Construir | House |
| 17:36 | Construir | Farm |
| 17:53 | Construir | Stone Wall |
| 17:57 | Crear | Chu Ko Nu |
| 18:08 | Construir | Siege Workshop |
| 18:17 | Construir | Stone Wall |
| 18:18 | Crear | Chu Ko Nu |
| 18:22 | Crear | Villager (Male) |
| 18:42 | Construir | Stone Wall |
| 18:57 | Crear | Chu Ko Nu |
| 18:58 | Crear | Villager (Male) |
| 18:58 | Crear | Villager (Male) |
| 19:11 | Crear | Chu Ko Nu |
| 19:12 | Crear | Villager (Male) |
| 19:13 | Crear | Villager (Male) |
| 19:23 | Construir | Stone Wall |
| 19:53 | Crear | Villager (Male) |
| 19:53 | Crear | Villager (Male) |
| 20:03 | Construir | Town Center |
| 20:21 | Crear | Villager (Male) |
| 20:21 | Crear | Villager (Male) |
| 20:25 | Construir | Mining Camp |
| 20:56 | Investigar | Fletching |
| 21:16 | Crear | Chu Ko Nu |
| 21:19 | Crear | Villager (Male) |
| 21:39 | Crear | Villager (Male) |
| 21:46 | Construir | Farm |
| 21:46 | Construir | Farm |
| 21:47 | Construir | Farm |
| 21:47 | Construir | Farm |
| 21:51 | Construir | Farm |
| 21:51 | Construir | Farm |
| 21:52 | Construir | Farm |
| 21:56 | Construir | Farm |
| 21:56 | Construir | Farm |
| 21:58 | Crear | Villager (Male) |
| 21:58 | Crear | Villager (Male) |
| 22:34 | Crear | Iron Pagoda |
| 22:36 | Crear | Villager (Male) |
| 22:36 | Crear | Villager (Male) |
| 22:37 | Crear | Villager (Male) |
| 23:02 | Crear | Chu Ko Nu |
| 23:09 | Crear | Villager (Male) |
| 23:09 | Crear | Villager (Male) |
| 23:49 | Crear | Villager (Male) |
| 23:49 | Crear | Villager (Male) |
| 24:00 | Crear | Villager (Male) |
| 24:00 | Crear | Villager (Male) |
| 24:06 | Construir | House |
| 24:08 | Investigar | Gold Mining |
| 24:16 | Crear | Villager (Male) |
| 24:16 | Crear | Villager (Male) |
| 24:19 | Construir | House |
| 24:21 | Construir | House |
| 24:34 | Crear | Iron Pagoda |
| 24:57 | Construir | Mill |
| 24:59 | Construir | Farm |
| 24:59 | Construir | Farm |
| 25:01 | Construir | Farm |
| 25:01 | Construir | Farm |
| 25:01 | Construir | Farm |
| 25:02 | Construir | Farm |
| 25:02 | Construir | Farm |
| 25:02 | Construir | Farm |
| 25:05 | Crear | Villager (Male) |
| 25:06 | Crear | Villager (Male) |
| 25:06 | Crear | Villager (Male) |
| 25:16 | Crear | Iron Pagoda |
| 25:41 | Crear | Villager (Male) |
| 25:41 | Crear | Villager (Male) |
| 25:50 | Crear | Villager (Male) |
| 25:50 | Crear | Villager (Male) |
| 25:51 | Crear | Villager (Male) |
| 26:03 | Construir | Town Center |
| 26:26 | Crear | Villager (Male) |
| 26:27 | Crear | Villager (Male) |
| 26:27 | Crear | Villager (Male) |
| 26:33 | Crear | Iron Pagoda |
| 26:47 | Crear | Villager (Male) |
| 26:47 | Crear | Villager (Male) |
| 26:54 | Investigar | Bow Saw |
| 26:57 | Crear | Villager (Male) |
| 26:57 | Crear | Villager (Male) |
| 26:57 | Crear | Villager (Male) |
| 27:03 | Construir | House |
| 27:18 | Crear | Villager (Male) |
| 27:18 | Crear | Villager (Male) |
| 27:21 | Crear | Iron Pagoda |
| 27:38 | Crear | Villager (Male) |
| 27:38 | Crear | Villager (Male) |
| 27:55 | Crear | Villager (Male) |
| 27:56 | Crear | Villager (Male) |
Build order — 陈先生
Primeras 150 de 676 acciones detectadas
| 0:00 | Crear | Villager (Male) |
| 0:00 | Crear | Villager (Male) |
| 0:01 | Crear | Villager (Male) |
| 0:01 | Crear | Villager (Male) |
| 0:02 | Construir | House |
| 0:04 | Construir | House |
| 0:28 | Construir | Lumber Camp |
| 1:33 | Crear | Villager (Male) |
| 1:34 | Crear | Villager (Male) |
| 1:58 | Crear | Villager (Male) |
| 2:20 | Crear | Villager (Male) |
| 2:20 | Crear | Villager (Male) |
| 2:49 | Crear | Villager (Male) |
| 2:49 | Crear | Villager (Male) |
| 3:18 | Crear | Villager (Male) |
| 3:18 | Crear | Villager (Male) |
| 3:18 | Crear | Villager (Male) |
| 3:25 | Construir | House |
| 3:41 | Crear | Villager (Male) |
| 3:41 | Crear | Villager (Male) |
| 3:55 | Crear | Villager (Male) |
| 3:56 | Crear | Villager (Male) |
| 4:43 | Crear | Villager (Male) |
| 4:50 | Crear | Villager (Male) |
| 4:53 | Construir | Mining Camp |
| 5:32 | Crear | Villager (Male) |
| 6:16 | Investigar | Feudal Age |
| 6:16 | Investigar | Feudal Age |
| 7:36 | Crear | Villager (Male) |
| 7:59 | Construir | House |
| 8:26 | Edad | Edad Feudal |
| 8:33 | Construir | Watch Tower |
| 8:37 | Construir | Palisade Wall |
| 8:39 | Construir | Palisade Wall |
| 8:41 | Construir | Palisade Wall |
| 8:52 | Crear | Villager (Male) |
| 8:58 | Investigar | Loom |
| 9:12 | Crear | Villager (Male) |
| 9:19 | Construir | Palisade Wall |
| 9:26 | Crear | Villager (Male) |
| 9:30 | Crear | Villager (Male) |
| 9:35 | Construir | Mill |
| 9:36 | Crear | Villager (Male) |
| 9:57 | Crear | Villager (Male) |
| 10:11 | Construir | House |
| 10:23 | Crear | Villager (Male) |
| 10:33 | Construir | House |
| 10:36 | Construir | Palisade Wall |
| 10:38 | Construir | Palisade Wall |
| 10:41 | Construir | Palisade Wall |
| 10:44 | Construir | Watch Tower |
| 10:49 | Crear | Villager (Male) |
| 10:58 | Investigar | Double-Bit Axe |
| 11:16 | Crear | Villager (Male) |
| 11:24 | Construir | Palisade Wall |
| 11:27 | Construir | Palisade Wall |
| 11:30 | Construir | Palisade Wall |
| 11:53 | Construir | Palisade Wall |
| 12:05 | Construir | Watch Tower |
| 12:08 | Crear | Villager (Male) |
| 12:14 | Crear | Villager (Male) |
| 12:18 | Construir | Farm |
| 12:19 | Construir | Farm |
| 12:19 | Construir | Farm |
| 12:19 | Construir | Farm |
| 12:20 | Crear | Villager (Male) |
| 12:21 | Crear | Villager (Male) |
| 12:39 | Crear | Villager (Male) |
| 12:45 | Construir | Mining Camp |
| 12:56 | Construir | Palisade Wall |
| 12:58 | Construir | Palisade Wall |
| 13:04 | Crear | Villager (Male) |
| 13:04 | Crear | Villager (Male) |
| 13:14 | Construir | Palisade Wall |
| 13:32 | Construir | Lumber Camp |
| 13:33 | Crear | Villager (Male) |
| 13:37 | Construir | Palisade Wall |
| 13:39 | Crear | Villager (Male) |
| 13:44 | Construir | Stone Wall |
| 13:47 | Crear | Villager (Male) |
| 13:55 | Investigar | Horse Collar |
| 13:56 | Investigar | Horse Collar |
| 13:59 | Construir | Blacksmith |
| 14:04 | Construir | Farm |
| 14:05 | Construir | Farm |
| 14:05 | Construir | Farm |
| 14:05 | Construir | Farm |
| 14:07 | Crear | Villager (Male) |
| 14:12 | Construir | Farm |
| 14:22 | Construir | Stone Wall |
| 14:25 | Crear | Villager (Male) |
| 14:36 | Crear | Villager (Male) |
| 14:40 | Construir | House |
| 14:46 | Construir | Farm |
| 15:01 | Construir | House |
| 15:17 | Construir | Stone Wall |
| 15:18 | Construir | Stone Wall |
| 15:20 | Construir | Stone Wall |
| 15:23 | Construir | Stone Wall |
| 15:24 | Construir | Stone Wall |
| 15:25 | Construir | Stone Wall |
| 15:26 | Crear | Villager (Male) |
| 15:29 | Crear | Villager (Male) |
| 15:34 | Construir | House |
| 15:35 | Crear | Villager (Male) |
| 15:38 | Construir | Farm |
| 15:42 | Construir | Farm |
| 15:44 | Construir | Farm |
| 15:47 | Crear | Villager (Male) |
| 15:56 | Investigar | Wheelbarrow |
| 16:03 | Construir | Market |
| 16:50 | Construir | House |
| 17:07 | Construir | Stone Wall |
| 17:08 | Construir | Stone Wall |
| 17:09 | Construir | Stone Wall |
| 17:13 | Construir | Stone Wall |
| 17:14 | Construir | Stone Wall |
| 17:15 | Construir | Stone Wall |
| 17:19 | Crear | Villager (Male) |
| 17:49 | Crear | Villager (Male) |
| 17:54 | Construir | House |
| 18:20 | Investigar | Castle Age |
| 18:20 | Investigar | Castle Age |
| 18:25 | Construir | House |
| 19:39 | Investigar | Fletching |
| 19:59 | Investigar | Gold Mining |
| 20:01 | Investigar | Stone Mining |
| 20:09 | Construir | Farm |
| 20:10 | Construir | Farm |
| 20:12 | Construir | Farm |
| 20:15 | Construir | Farm |
| 20:16 | Construir | Farm |
| 20:25 | Construir | Stone Wall |
| 20:27 | Construir | Stone Wall |
| 20:28 | Construir | Stone Wall |
| 20:33 | Construir | Stone Wall |
| 20:34 | Construir | Stone Wall |
| 20:35 | Construir | Stone Wall |
| 20:39 | Crear | Villager (Male) |
| 21:00 | Edad | Edad de los Castillos |
| 21:03 | Construir | Town Center |
| 21:10 | Construir | Town Center |
| 21:12 | Crear | Villager (Male) |
| 21:16 | Construir | Town Center |
| 21:18 | Investigar | Bow Saw |
| 21:20 | Investigar | Heavy Plow |
| 21:24 | Crear | Villager (Male) |
| 21:38 | Crear | Villager (Male) |
| 21:46 | Construir | University |
| 21:49 | Crear | Villager (Male) |
Build order —
Primeras 150 de 423 acciones detectadas
| 0:00 | Construir | House |
| 0:02 | Construir | House |
| 1:42 | Construir | Lumber Camp |
| 3:17 | Investigar | Tech None |
| 3:46 | Construir | House |
| 4:11 | Construir | Mill |
| 4:18 | Construir | Lumber Camp |
| 5:00 | Investigar | Tech None |
| 5:51 | Investigar | Tech None |
| 5:51 | Construir | House |
| 6:45 | Construir | Mining Camp |
| 6:54 | Construir | Farm |
| 6:55 | Construir | Farm |
| 8:13 | Construir | Lumber Camp |
| 8:22 | Construir | House |
| 8:52 | Investigar | Tech None |
| 8:59 | Construir | Lumber Camp |
| 9:01 | Construir | Lumber Camp |
| 9:04 | Construir | Lumber Camp |
| 9:42 | Construir | Lumber Camp |
| 9:44 | Construir | Lumber Camp |
| 9:46 | Construir | Lumber Camp |
| 9:49 | Construir | Lumber Camp |
| 9:51 | Construir | Lumber Camp |
| 9:53 | Construir | Lumber Camp |
| 10:27 | Investigar | Tech None |
| 10:52 | Construir | Lumber Camp |
| 10:54 | Construir | Lumber Camp |
| 10:56 | Construir | Lumber Camp |
| 10:58 | Construir | Lumber Camp |
| 11:01 | Construir | Lumber Camp |
| 11:03 | Construir | Lumber Camp |
| 11:05 | Construir | Lumber Camp |
| 11:21 | Investigar | Tech None |
| 11:21 | Construir | Farm |
| 11:21 | Construir | Market |
| 11:32 | Construir | Blacksmith |
| 11:40 | Construir | House |
| 12:03 | Construir | Farm |
| 12:11 | Investigar | Tech None |
| 12:23 | Construir | Farm |
| 12:35 | Construir | Farm |
| 12:45 | Construir | Farm |
| 13:01 | Construir | Farm |
| 13:10 | Investigar | Tech None |
| 13:33 | Investigar | Tech None |
| 14:08 | Construir | Barracks |
| 14:46 | Construir | Stable |
| 14:48 | Construir | Archery Range |
| 14:52 | Investigar | Tech None |
| 15:06 | Construir | House |
| 15:17 | Construir | Farm |
| 16:06 | Construir | Town Center |
| 16:10 | Construir | Town Center |
| 16:15 | Construir | Town Center |
| 16:16 | Construir | House |
| 16:20 | Construir | Town Center |
| 16:21 | Construir | House |
| 17:35 | Construir | Town Center |
| 17:36 | Construir | House |
| 17:40 | Construir | House |
| 17:49 | Construir | Farm |
| 18:35 | Construir | Siege Workshop |
| 18:36 | Crear | Spearman |
| 18:42 | Crear | Skirmisher |
| 18:43 | Investigar | Tech None |
| 19:14 | Investigar | Tech None |
| 19:33 | Crear | Battering Ram |
| 19:40 | Crear | Skirmisher |
| 19:54 | Construir | Farm |
| 19:55 | Construir | Farm |
| 19:56 | Construir | Farm |
| 20:04 | Crear | Skirmisher |
| 20:04 | Construir | Farm |
| 20:06 | Construir | Farm |
| 20:11 | Construir | Farm |
| 20:13 | Construir | Farm |
| 20:14 | Construir | Farm |
| 20:15 | Construir | Farm |
| 20:18 | Construir | Farm |
| 20:21 | Construir | Farm |
| 20:23 | Construir | Farm |
| 20:24 | Construir | Farm |
| 20:31 | Construir | Farm |
| 20:39 | Construir | Farm |
| 20:58 | Crear | Battering Ram |
| 21:18 | Construir | Lumber Camp |
| 22:30 | Crear | Battering Ram |
| 24:19 | Construir | Monastery |
| 24:45 | Crear | Skirmisher |
| 25:04 | Crear | Skirmisher |
| 25:36 | Crear | Skirmisher |
| 26:06 | Crear | Skirmisher |
| 26:40 | Crear | Battering Ram |
| 26:48 | Investigar | Tech None |
| 26:57 | Crear | Skirmisher |
| 27:22 | Crear | Skirmisher |
| 27:48 | Crear | Skirmisher |
| 28:19 | Construir | Lumber Camp |
| 28:36 | Crear | Skirmisher |
| 30:26 | Crear | Monk |
| 31:09 | Construir | Lumber Camp |
| 31:22 | Crear | Battering Ram |
| 33:40 | Construir | Mining Camp |
| 33:48 | Crear | Spearman |
| 33:48 | Crear | Skirmisher |
| 34:29 | Crear | Spearman |
| 34:29 | Crear | Skirmisher |
| 35:02 | Investigar | Tech None |
| 35:09 | Crear | Battering Ram |
| 35:09 | Construir | Town Center |
| 35:09 | Investigar | Tech None |
| 35:37 | Crear | Skirmisher |
| 35:37 | Construir | Town Center |
| 35:40 | Construir | Town Center |
| 35:49 | Construir | Town Center |
| 35:50 | Construir | Mining Camp |
| 36:11 | Crear | Spearman |
| 36:11 | Construir | Barracks |
| 36:20 | Construir | House |
| 36:29 | Crear | Spearman |
| 36:29 | Construir | House |
| 36:30 | Investigar | Tech None |
| 36:32 | Construir | Barracks |
| 36:42 | Construir | Farm |
| 36:51 | Crear | Battering Ram |
| 36:51 | Crear | Battering Ram |
| 36:51 | Construir | Stable |
| 36:52 | Construir | Barracks |
| 37:07 | Construir | Farm |
| 37:11 | Investigar | Tech None |
| 37:11 | Investigar | Tech None |
| 37:27 | Investigar | Tech None |
| 37:27 | Crear | Spearman |
| 37:27 | Crear | Skirmisher |
| 37:50 | Construir | Market |
| 38:11 | Investigar | Tech None |
| 38:11 | Construir | Farm |
| 38:11 | Crear | Spearman |
| 38:12 | Construir | Farm |
| 38:12 | Crear | Battering Ram |
| 38:12 | Crear | Spearman |
| 38:13 | Investigar | Tech None |
| 38:15 | Crear | Spearman |
| 38:15 | Construir | House |
| 38:21 | Crear | Spearman |
| 38:21 | Construir | House |
| 38:22 | Construir | House |
| 38:27 | Construir | House |
| 38:33 | Construir | House |
Build order —
Primeras 150 de 1514 acciones detectadas
| 0:00 | Construir | House |
| 0:02 | Construir | House |
| 1:42 | Construir | Lumber Camp |
| 3:12 | Construir | Mill |
| 3:13 | Construir | Lumber Camp |
| 3:46 | Construir | House |
| 5:51 | Investigar | Tech None |
| 5:51 | Construir | House |
| 6:35 | Construir | Mining Camp |
| 7:33 | Construir | Farm |
| 7:35 | Construir | Farm |
| 7:36 | Construir | Farm |
| 7:37 | Construir | Farm |
| 8:16 | Construir | Lumber Camp |
| 8:22 | Construir | House |
| 8:29 | Investigar | Tech None |
| 9:18 | Construir | Lumber Camp |
| 9:54 | Construir | Lumber Camp |
| 10:32 | Construir | Lumber Camp |
| 10:56 | Construir | Market |
| 10:57 | Investigar | Tech None |
| 11:04 | Construir | Blacksmith |
| 11:31 | Investigar | Tech None |
| 11:33 | Construir | House |
| 11:47 | Investigar | Tech None |
| 12:37 | Construir | Farm |
| 14:27 | Investigar | Tech None |
| 14:27 | Construir | Town Center |
| 14:28 | Investigar | Tech None |
| 14:28 | Construir | Town Center |
| 14:32 | Investigar | Tech None |
| 14:36 | Construir | Farm |
| 14:43 | Construir | House |
| 14:56 | Construir | House |
| 15:07 | Construir | House |
| 15:17 | Construir | Farm |
| 15:30 | Construir | Monastery |
| 16:02 | Crear | Monk |
| 16:05 | Construir | Farm |
| 16:22 | Construir | Siege Workshop |
| 16:36 | Construir | Farm |
| 16:45 | Investigar | Tech None |
| 16:52 | Construir | Castle |
| 16:53 | Construir | Farm |
| 17:13 | Construir | Farm |
| 17:17 | Construir | Farm |
| 17:34 | Construir | Farm |
| 17:42 | Construir | Farm |
| 17:43 | Construir | Farm |
| 17:55 | Construir | Farm |
| 18:03 | Construir | Farm |
| 18:04 | Investigar | Tech None |
| 18:04 | Crear | Gbeto |
| 18:08 | Construir | Farm |
| 18:14 | Construir | Farm |
| 18:24 | Construir | Farm |
| 18:35 | Construir | Farm |
| 18:45 | Construir | Farm |
| 18:50 | Construir | Farm |
| 18:51 | Crear | Gbeto |
| 18:57 | Construir | Mining Camp |
| 19:01 | Construir | Farm |
| 19:08 | Construir | Farm |
| 19:16 | Construir | Farm |
| 19:22 | Construir | Farm |
| 19:41 | Construir | Town Center |
| 19:44 | Investigar | Tech None |
| 19:53 | Construir | Farm |
| 19:56 | Construir | House |
| 19:58 | Construir | House |
| 20:00 | Construir | Farm |
| 20:03 | Construir | Mining Camp |
| 20:06 | Crear | Gbeto |
| 20:10 | Crear | Monk |
| 20:10 | Construir | Farm |
| 20:19 | Construir | House |
| 20:24 | Construir | Farm |
| 20:28 | Construir | Farm |
| 20:35 | Investigar | Tech None |
| 20:42 | Construir | Farm |
| 20:43 | Construir | House |
| 20:53 | Construir | Barracks |
| 20:57 | Crear | Gbeto |
| 21:01 | Construir | Farm |
| 21:03 | Construir | Lumber Camp |
| 21:12 | Crear | Gbeto |
| 21:12 | Construir | Farm |
| 21:25 | Investigar | Tech None |
| 21:29 | Construir | Farm |
| 21:36 | Construir | Farm |
| 21:45 | Construir | Archery Range |
| 21:51 | Crear | Gbeto |
| 21:58 | Construir | Farm |
| 22:02 | Crear | Monk |
| 22:03 | Construir | Archery Range |
| 22:13 | Construir | Farm |
| 22:18 | Investigar | Tech None |
| 22:18 | Construir | House |
| 22:19 | Construir | House |
| 22:21 | Construir | Farm |
| 22:34 | Construir | Farm |
| 22:36 | Crear | Gbeto |
| 22:41 | Construir | House |
| 22:43 | Construir | Archery Range |
| 22:46 | Construir | Farm |
| 22:48 | Construir | Farm |
| 22:58 | Construir | House |
| 22:59 | Investigar | Tech None |
| 23:03 | Construir | Archery Range |
| 23:14 | Construir | Farm |
| 23:15 | Construir | Mill |
| 23:16 | Construir | House |
| 23:17 | Construir | Farm |
| 23:26 | Construir | University |
| 23:36 | Construir | Farm |
| 23:38 | Construir | Farm |
| 23:42 | Construir | House |
| 23:55 | Crear | Gbeto |
| 23:58 | Investigar | Tech None |
| 24:01 | Construir | Farm |
| 24:06 | Construir | Farm |
| 24:26 | Construir | House |
| 24:27 | Construir | House |
| 24:32 | Investigar | Tech None |
| 24:32 | Construir | Farm |
| 24:34 | Investigar | Tech None |
| 24:36 | Investigar | Tech None |
| 24:43 | Construir | Mining Camp |
| 24:54 | Crear | Battering Ram |
| 24:58 | Construir | Barracks |
| 25:05 | Investigar | Tech None |
| 25:07 | Construir | Lumber Camp |
| 25:09 | Construir | House |
| 25:11 | Investigar | Tech None |
| 25:15 | Investigar | Tech None |
| 25:16 | Construir | Barracks |
| 25:20 | Construir | House |
| 25:32 | Construir | Market |
| 25:45 | Crear | Battering Ram |
| 25:51 | Construir | House |
| 25:56 | Investigar | Tech None |
| 25:56 | Construir | Barracks |
| 26:00 | Construir | Barracks |
| 26:10 | Construir | Barracks |
| 26:22 | Construir | Barracks |
| 26:34 | Construir | Market |
| 26:38 | Construir | Castle |
| 26:52 | Construir | Barracks |
| 26:54 | Construir | House |
| 26:55 | Construir | House |
Build order —
Primeras 150 de 1734 acciones detectadas
| 0:00 | Construir | House |
| 0:02 | Construir | House |
| 1:42 | Construir | Lumber Camp |
| 3:09 | Construir | Mill |
| 3:36 | Construir | Lumber Camp |
| 3:46 | Construir | House |
| 5:51 | Investigar | Tech None |
| 5:51 | Construir | House |
| 6:37 | Construir | Mining Camp |
| 7:27 | Construir | Farm |
| 7:32 | Construir | Farm |
| 8:01 | Construir | Lumber Camp |
| 8:22 | Construir | House |
| 8:27 | Investigar | Tech None |
| 8:57 | Construir | Lumber Camp |
| 9:33 | Construir | Lumber Camp |
| 9:35 | Construir | Lumber Camp |
| 10:09 | Construir | Lumber Camp |
| 10:11 | Construir | Lumber Camp |
| 10:50 | Construir | Lumber Camp |
| 10:52 | Construir | Lumber Camp |
| 10:54 | Construir | Lumber Camp |
| 10:56 | Construir | Market |
| 10:57 | Investigar | Tech None |
| 11:22 | Investigar | Tech None |
| 11:47 | Construir | Blacksmith |
| 11:53 | Construir | House |
| 12:09 | Construir | Farm |
| 12:14 | Construir | Farm |
| 12:33 | Construir | Farm |
| 12:38 | Investigar | Tech None |
| 12:38 | Construir | Farm |
| 13:08 | Construir | Farm |
| 14:53 | Construir | Farm |
| 15:18 | Investigar | Tech None |
| 15:18 | Construir | Castle |
| 15:20 | Investigar | Tech None |
| 15:21 | Investigar | Tech None |
| 15:21 | Construir | Mining Camp |
| 15:26 | Construir | Farm |
| 15:34 | Construir | House |
| 15:35 | Construir | House |
| 16:06 | Construir | Farm |
| 16:16 | Construir | Town Center |
| 16:30 | Investigar | Tech None |
| 16:30 | Crear | Woad Raider |
| 16:30 | Construir | Barracks |
| 16:37 | Crear | Woad Raider |
| 16:44 | Crear | Woad Raider |
| 16:55 | Construir | Farm |
| 16:58 | Construir | Farm |
| 17:20 | Investigar | Tech None |
| 17:25 | Construir | Farm |
| 17:48 | Construir | Town Center |
| 17:54 | Construir | Farm |
| 17:57 | Construir | Farm |
| 18:07 | Investigar | Tech None |
| 18:15 | Construir | Farm |
| 18:37 | Construir | Monastery |
| 18:38 | Crear | Woad Raider |
| 18:45 | Construir | Farm |
| 18:58 | Construir | Farm |
| 19:05 | Construir | Farm |
| 19:16 | Construir | Farm |
| 19:28 | Construir | Archery Range |
| 19:36 | Construir | Farm |
| 19:44 | Crear | Monk |
| 19:47 | Construir | Archery Range |
| 19:54 | Crear | Woad Raider |
| 20:00 | Construir | Farm |
| 20:07 | Construir | Farm |
| 20:15 | Crear | Woad Raider |
| 20:15 | Construir | Mining Camp |
| 20:23 | Crear | Woad Raider |
| 20:26 | Construir | Farm |
| 20:27 | Construir | Farm |
| 20:44 | Construir | Farm |
| 20:44 | Construir | House |
| 20:45 | Construir | House |
| 20:51 | Crear | Woad Raider |
| 20:56 | Construir | Farm |
| 21:01 | Construir | Archery Range |
| 21:08 | Crear | Woad Raider |
| 21:16 | Construir | Farm |
| 21:18 | Crear | Woad Raider |
| 21:20 | Construir | House |
| 21:22 | Crear | Monk |
| 21:22 | Construir | House |
| 21:26 | Crear | Woad Raider |
| 21:35 | Construir | Farm |
| 21:42 | Crear | Woad Raider |
| 21:46 | Construir | Farm |
| 21:50 | Crear | Woad Raider |
| 21:50 | Construir | House |
| 21:53 | Construir | University |
| 22:02 | Construir | Lumber Camp |
| 22:06 | Construir | Farm |
| 22:08 | Construir | House |
| 22:14 | Investigar | Tech None |
| 22:25 | Crear | Woad Raider |
| 22:25 | Construir | Farm |
| 22:26 | Construir | Archery Range |
| 22:33 | Crear | Woad Raider |
| 22:36 | Construir | Farm |
| 22:37 | Construir | House |
| 22:46 | Crear | Woad Raider |
| 22:47 | Construir | University |
| 22:50 | Construir | Siege Workshop |
| 22:54 | Crear | Woad Raider |
| 22:56 | Construir | Farm |
| 22:58 | Construir | Mill |
| 23:00 | Construir | University |
| 23:02 | Crear | Woad Raider |
| 23:02 | Construir | House |
| 23:11 | Investigar | Tech None |
| 23:15 | Construir | Farm |
| 23:26 | Construir | Farm |
| 23:27 | Construir | House |
| 23:33 | Investigar | Tech None |
| 23:35 | Crear | Battering Ram |
| 23:46 | Construir | Farm |
| 23:57 | Construir | Siege Workshop |
| 24:03 | Investigar | Tech None |
| 24:19 | Construir | Town Center |
| 24:22 | Construir | Farm |
| 24:29 | Construir | Farm |
| 24:54 | Construir | Farm |
| 25:01 | Construir | Farm |
| 25:02 | Construir | House |
| 25:03 | Construir | House |
| 25:23 | Construir | Farm |
| 25:43 | Investigar | Tech None |
| 25:43 | Construir | Farm |
| 25:50 | Investigar | Tech None |
| 25:56 | Crear | Scorpion |
| 25:58 | Construir | Mining Camp |
| 26:02 | Crear | Scorpion |
| 26:08 | Construir | Lumber Camp |
| 26:15 | Construir | Mining Camp |
| 26:21 | Investigar | Tech None |
| 26:26 | Crear | Scorpion |
| 26:35 | Construir | House |
| 26:36 | Construir | House |
| 26:45 | Construir | Stable |
| 26:55 | Construir | Barracks |
| 27:01 | Construir | Barracks |
| 27:03 | Construir | House |
| 27:05 | Crear | Scorpion |
| 27:12 | Construir | Barracks |
| 27:17 | Crear | Scorpion |
Build order —
41 acciones detectadas en el replay
| 0:00 | Construir | House |
| 0:02 | Construir | House |
| 1:42 | Construir | Lumber Camp |
| 3:31 | Construir | Mill |
| 3:46 | Construir | House |
| 4:14 | Construir | Lumber Camp |
| 5:51 | Investigar | Tech None |
| 5:51 | Construir | House |
| 6:44 | Construir | Mining Camp |
| 7:31 | Construir | Farm |
| 7:32 | Construir | Farm |
| 8:01 | Construir | Lumber Camp |
| 8:02 | Construir | Farm |
| 8:22 | Construir | House |
| 8:27 | Investigar | Tech None |
| 8:34 | Construir | Barracks |
| 10:56 | Construir | Watch Tower |
| 10:56 | Crear | Spearman |
| 10:56 | Construir | Archery Range |
| 10:57 | Construir | Watch Tower |
| 10:57 | Construir | Blacksmith |
| 10:58 | Construir | Watch Tower |
| 10:59 | Construir | Watch Tower |
| 11:09 | Construir | Watch Tower |
| 11:10 | Construir | Watch Tower |
| 11:13 | Construir | Watch Tower |
| 11:14 | Construir | Watch Tower |
| 11:22 | Construir | Watch Tower |
| 11:25 | Construir | Watch Tower |
| 11:34 | Construir | Watch Tower |
| 11:37 | Construir | Watch Tower |
| 11:45 | Construir | Watch Tower |
| 11:47 | Construir | House |
| 11:48 | Construir | Watch Tower |
| 11:56 | Construir | Watch Tower |
| 11:59 | Construir | Watch Tower |
| 12:02 | Construir | Watch Tower |
| 12:10 | Construir | Watch Tower |
| 12:11 | Construir | Watch Tower |
| 16:00 | Crear | Spearman |
| 17:57 | Construir | Mill |
Cronología de la partida
| 8:26 | 陈先生 · age_up feudal |
| 8:34 | · first_building Barracks |
| 8:37 | 陈先生 · wall_segment Palisade Wall x1 |
| 8:39 | 陈先生 · wall_segment Palisade Wall x1 |
| 8:41 | 陈先生 · wall_segment Palisade Wall x1 |
| 9:19 | 陈先生 · wall_segment Palisade Wall x1 |
| 9:49 | 梳中分打篮球 · age_up feudal |
| 10:36 | 陈先生 · wall_segment Palisade Wall x1 |
| 10:38 | 陈先生 · wall_segment Palisade Wall x1 |
| 10:41 | 陈先生 · wall_segment Palisade Wall x1 |
| 10:56 | 蘑菇牛奶锅 · age_up feudal |
| 10:56 | · first_building Archery Range |
| 11:02 | 不过是取悦我的手段罢了 · age_up feudal |
| 11:24 | 陈先生 · wall_segment Palisade Wall x1 |
| 11:27 | 陈先生 · wall_segment Palisade Wall x1 |
| 11:30 | 陈先生 · wall_segment Palisade Wall x1 |
| 11:51 | · first_market_sell 100 food |
| 11:53 | 陈先生 · wall_segment Palisade Wall x1 |
| 12:56 | 陈先生 · wall_segment Palisade Wall x2 |
| 12:56 | 梳中分打篮球 · first_market_buy 100 food |
| 12:58 | 陈先生 · wall_segment Palisade Wall x2 |
| 13:14 | 陈先生 · wall_segment Palisade Wall x2 |
| 13:37 | 陈先生 · wall_segment Palisade Wall x2 |
| 13:44 | 陈先生 · wall_segment Stone Wall x2 |
| 13:53 | · first_market_sell 100 food |
| 14:06 | 梳中分打篮球 · age_up castle |
| 14:08 | · first_building Barracks |
| 14:22 | 陈先生 · wall_segment Stone Wall x2 |
| 14:30 | · first_market_buy 100 stone |
| 14:39 | 梳中分打篮球 · wall_segment Stone Wall x7 |
| 14:46 | · first_building Stable |
| 14:48 | · first_building Archery Range |
| 14:56 | 梳中分打篮球 · wall_segment Stone Wall x10 |
| 15:08 | · first_market_sell 100 food |
| 15:17 | 陈先生 · wall_segment Stone Wall x2 |
| 15:18 | 陈先生 · wall_segment Stone Wall x4 |
| 15:18 | · first_building Castle |
| 15:20 | 陈先生 · wall_segment Stone Wall x2 |
| 15:23 | 陈先生 · wall_segment Stone Wall x2 |
| 15:24 | 陈先生 · wall_segment Stone Wall x4 |
| 15:25 | 陈先生 · wall_segment Stone Wall x1 |
| 15:30 | · first_building Monastery |
| 15:31 | 蘑菇牛奶锅 · age_up castle |
| 15:37 | 蘑菇牛奶锅 · first_building Monastery |
| 16:18 | 梳中分打篮球 · first_building Castle |
| 16:22 | · first_building Siege Workshop |
| 16:30 | · first_building Barracks |
| 16:41 | 梳中分打篮球 · wall_segment Stone Wall x10 |
| 16:52 | · first_building Castle |
| 17:07 | 陈先生 · wall_segment Stone Wall x3 |
| 17:08 | 陈先生 · wall_segment Stone Wall x6 |
| 17:09 | 陈先生 · wall_segment Stone Wall x3 |
| 17:13 | 陈先生 · wall_segment Stone Wall x3 |
| 17:14 | 陈先生 · wall_segment Stone Wall x6 |
| 17:15 | 陈先生 · wall_segment Stone Wall x3 |
| 17:53 | 梳中分打篮球 · wall_segment Stone Wall x6 |
| 18:08 | 梳中分打篮球 · first_building Siege Workshop |
| 18:17 | 梳中分打篮球 · wall_segment Stone Wall x7 |
| 18:35 | · first_building Siege Workshop |
| 18:37 | · first_building Monastery |
| 18:38 | 不过是取悦我的手段罢了 · age_up castle |
| 18:42 | 梳中分打篮球 · wall_segment Stone Wall x6 |
| 18:58 | 不过是取悦我的手段罢了 · first_building Monastery |
| 19:23 | 梳中分打篮球 · wall_segment Stone Wall x10 |
| 19:28 | · first_building Archery Range |
| 20:25 | 陈先生 · wall_segment Stone Wall x3 |
| 20:27 | 陈先生 · wall_segment Stone Wall x7 |
| 20:28 | 陈先生 · wall_segment Stone Wall x4 |
| 20:33 | 陈先生 · wall_segment Stone Wall x4 |
| 20:34 | 陈先生 · wall_segment Stone Wall x8 |
| 20:35 | 陈先生 · wall_segment Stone Wall x5 |
| 20:53 | · first_building Barracks |
| 21:00 | 陈先生 · age_up castle |
| 21:45 | · first_building Archery Range |
| 22:50 | · first_building Siege Workshop |
| 23:12 | 陈先生 · wall_segment Stone Wall x5 |
| 23:14 | 陈先生 · wall_segment Stone Wall x10 |
| 23:16 | 陈先生 · wall_segment Stone Wall x5 |
| 23:20 | 陈先生 · wall_segment Stone Wall x5 |
| 23:22 | 陈先生 · wall_segment Stone Wall x10 |
| 23:24 | 陈先生 · wall_segment Stone Wall x5 |
| 24:06 | · first_market_buy 100 stone |
| 24:19 | · first_building Monastery |
| 25:15 | 蘑菇牛奶锅 · first_building Barracks |
| 25:15 | 陈先生 · first_building Siege Workshop |
| 25:36 | 不过是取悦我的手段罢了 · first_building Barracks |
| 26:14 | 蘑菇牛奶锅 · first_building Stable |
| 26:19 | 陈先生 · first_market_buy 100 wood |
| 26:45 | · first_building Stable |
| 27:53 | · first_building Stable |
| 28:03 | 不过是取悦我的手段罢了 · first_building Stable |
| 28:08 | 不过是取悦我的手段罢了 · first_building Archery Range |
| 28:23 | 蘑菇牛奶锅 · first_building Castle |
| 28:51 | 梳中分打篮球 · wall_segment Stone Wall x7 |
| 29:06 | 不过是取悦我的手段罢了 · first_building Castle |
| 29:19 | 不过是取悦我的手段罢了 · age_up imperial |
| 30:21 | 陈先生 · first_building Castle |
| 30:35 | 陈先生 · first_building Barracks |
| 30:58 | 梳中分打篮球 · wall_segment Stone Wall x28 |
| 31:33 | 陈先生 · first_building Stable |
| 33:41 | 梳中分打篮球 · wall_segment Stone Wall x36 |
| 34:09 | 梳中分打篮球 · first_building Barracks |
| 35:17 | 梳中分打篮球 · wall_segment Stone Wall x32 |
| 35:19 | 蘑菇牛奶锅 · first_building Archery Range |
| 35:23 | 蘑菇牛奶锅 · age_up imperial |
| 35:30 | 梳中分打篮球 · wall_segment Stone Wall x12 |
| 35:49 | 梳中分打篮球 · first_building Archery Range |
| 36:11 | 梳中分打篮球 · wall_segment Stone Wall x31 |
| 36:12 | 陈先生 · age_up imperial |
| 36:14 | 梳中分打篮球 · age_up imperial |
| 37:17 | · first_market_buy 100 stone |
| 37:47 | 陈先生 · first_building Archery Range |
| 39:00 | 陈先生 · first_market_sell 500 wood |
| 41:16 | 蘑菇牛奶锅 · first_building Siege Workshop |
| 44:28 | 不过是取悦我的手段罢了 · first_market_sell 500 food |
| 47:43 | 不过是取悦我的手段罢了 · first_building Siege Workshop |
| 59:35 | 蘑菇牛奶锅 · first_market_buy 100 stone |
| 62:10 | · resign |
[ ANÁLISIS IA · 1 CRÉDITO ]
¿Qué pasó realmente en esta partida?
Wolo.gg analiza cada decisión: build order, eco, micro, errores típicos por bracket. Análisis personalizado por WhatsApp o Discord en 30 segundos.
Guía civ
Wei
Perfil
Jugador #6231345